 Dungeon Crawl Stone Soup version 0.22-a0-848-ge9e22a0 (webtiles) character file.

8 Amnesiac the Digger (level 2, -3/19 HPs)
             Began as a Mummy Earth Elementalist on July 26, 2018.
             Slain by an adder (4 damage)
             ... on level 3 of the Dungeon.
             The game lasted 00:01:03 (120 turns).

Amnesiac the Digger (Mummy Earth Elementalist)       Turns: 120, Time: 00:01:04

Health: -3/19      AC:  2    Str: 11    XL:     2   Next: 0%
Magic:  1/5        EV: 12    Int: 14    God:
Gold:   14         SH:  0    Dex: 12    Spells: 5/6 levels left

rFire    x . .     SeeInvis .   (no weapon)
rCold    + . .     Gourm    .   (no shield)
rNeg     + + +     Faith    .   c - +0 robe
rPois    ∞         Spirit   .   (no helmet)
rElec    .         Reflect  .   (no cloak)
rCorr    .         Harm     .   (no gloves)
MR       .....     Rnd*Tele +   (no boots)
Stlth    ++........             (no amulet)
HPRegen  0.06/turn              a - ring of teleportation (curse)
MPRegen  0.09/turn              (no ring)

@: very slightly contaminated
A: no food or potions, fire vulnerability, cold resistance 1, negative energy
resistance 3, torment resistance, unbreathing
a: no special abilities


You were on level 3 of the Dungeon.
You were not hungry.

You visited 1 branch of the dungeon, and saw 3 of its levels.

You collected 14 gold pieces.

Inventory:

Missiles
 b - 43 stones (quivered)
Armour
 c - a +0 robe (worn)
Jewellery
 a - a cursed ring of teleportation (left hand)
Wands
 d - a wand of iceblast (2)


   Skills:
 - Level 1.5 Dodging
 - Level 1.5 Stealth
 + Level 2.8 Spellcasting
   Level 0.7 Transmutations
 * Level 2.9 Earth Magic


You had 5 spell levels left.
You knew the following spells:

 Your Spells              Type           Power        Failure   Level  Hunger
a - Sandblast             Erth           ##....       7%          1    N/A

Your spell library contained the following spells:

 Spells                   Type           Power        Failure   Level  Hunger
 Stone Arrow              Conj/Erth      #.....       36%         3    N/A
 Passwall                 Tmut/Erth      #.......     16%         2    N/A
 Lee's Rapid Deconstruct  Erth           ##........   88%         5    N/A
 Petrify                  Tmut/Erth      #.......     71%         4    N/A

Dungeon Overview and Level Annotations

Branches:
Dungeon (3/15)

Altars:

Annotations:
D:2 Sigmund


Innate Abilities, Weirdness & Mutations

You do not eat or drink.
Your flesh is vulnerable to fire.
You are immune to poison.
Your flesh is cold resistant. (rC+)
You are immune to negative energy. (rN+++)
You are immune to unholy pain and torment.
You can survive without breathing.


Message History

Unknown command.
The bat hits you but does no damage. The bat misses you.
The bat barely misses you. The bat hits you but does no damage.
You aren't carrying any scrolls.
Unknown command.
Evoke which item? (* to show all) (? for menu, Esc to quit)
You don't have any such object.
Evoke which item? (* to show all) (? for menu, Esc to quit)
Okay, then.
You aren't carrying any scrolls.
Unknown command.
You hit the bat.
The bat is severely wounded.
The bat closely misses you. The bat barely misses you.
Evoke which item? (* to show all) (? for menu, Esc to quit)
Aiming: Iceblast
Press: ? - help, Shift-Dir - straight line, f - worm
Aim: a worm The mass of ice explodes!
The iceblast engulfs the worm.
The worm is severely wounded.
The iceblast engulfs the worm.
The worm is almost dead.
You hear an angry hiss.
You hear a shout! x2
The worm closely misses you.
Unknown command.
Evoke which item? (* to show all) (? for menu, Esc to quit)
Okay, then.
Casting: Sandblast (safe; 8% risk of failure)
Confirm with . or Enter, or press ? or * to list all spells.
Aiming: Sandblast (safe; 8% risk of failure)
Press: ? - help, Shift-Dir - straight line, f/p - worm
Aim: a worm (severely wounded)
You miscast Sandblast.
You momentarily stiffen.
Unknown command.
Wield which item (- for none, * to show all)? (? for menu, Esc to quit)
Okay, then.
Evoke which item? (* to show all) (? for menu, Esc to quit)
Aiming: Iceblast
Press: ? - help, Shift-Dir - straight line, f/p - worm
Aim: a worm (severely wounded) That beam is likely to hit you.
Continue anyway?
The mass of ice explodes!
The iceblast engulfs the worm.
You kill the worm!
Training target 2.6 for Earth Magic reached!
You need to enable at least one skill for training.
The iceblast engulfs you! You partially resist.
Ouch! That really hurt!
* * * LOW HITPOINT WARNING * * *
The iceblast engulfs the worm.
You kill the worm!
You have reached level 2!
The worm misses you.
A hound comes into view.
An orc comes into view. It is wielding a hand axe.
The bat hits you but does no damage. The bat hits you.
* * * LOW HITPOINT WARNING * * *
Found 7 gold pieces.
An adder comes into view.
A bat comes into view.
The bat hits you but does no damage. The adder bites you.
You die...

..... #....##
.....###...#.#
......##...#K# ##
......##...#.##.#
#.....####.#w#.# #
#...<..$.....# .#
#..####..h## #.####.
##........#.###..b....
###...#####.##.#@#.###
r.w..<.........b.S...#
###..K###.....o#.....#
#...## #...#.###....#
#.#. #....## #...#
#... #..## #..# ##.#
#. $.# #. #. ..# #. #


You could see an adder, an orc and 2 bats.

Vanquished Creatures
  2 worms (D:3)
  A frilled lizard (D:2)
  A rat (D:3)
4 creatures vanquished.

Notes
Turn   | Place    | Note
-------+----------+-------------------------------------------
     0 | D:1      | Amnesiac the Mummy Earth Elementalist began the quest for the Orb.
     0 | D:1      | Reached XP level 1. HP: 13/13 MP: 4/4
    33 | D:2      | Noticed Sigmund
    76 | D:2      | Noticed an ogre
   111 | D:3      | Reached XP level 2. HP: 2/19 MP: 0/5
   120 | D:3      | Slain by an adder

Vault maps used:
D:1:      ebering_trefoil_twist
D:2:      moated_statue, minmay_tromino_mix6, uniq_robin, uniq_sigmund
D:3:      makhleb_blood_cavern_becter, uniq_ijyb, uniq_crazy_yiuf_cottage,
          uniq_terence

Action                   || total
-------------------------++-------
Melee: Unarmed           ||     2
 Cast: Sandblast         ||     6
Evoke: Wand              ||     2
Armor: Robe              ||     5
Dodge: Dodged            ||     9

Table legend:
 A = Spawn XP
 B = Non-spawn XP
 C = Spawn XP percentage of total XP
 D = Spawn monster count
 E = Non-spawn monster count
 F = Spawn count percentage of total count
 G = Total turns spent on level
                    A         B        C        D         E        F      G
               +---------+---------+-------+---------+---------+-------+---------
         Total |       0 |      12 |   0.0 |       0 |       4 |   0.0 |   120
               +---------+---------+-------+---------+---------+-------+---------
           D:2 |       0 |       1 |   0.0 |       0 |       1 |   0.0 |    68
           D:3 |       0 |      11 |   0.0 |       0 |       3 |   0.0 |    35
               +---------+---------+-------+---------+---------+-------+---------
